 Dungeon Crawl Stone Soup version 0.18.1-8-gdd0e5ea (console) character file.

2455 Kloppie the Fighter (level 9, -8/81 HPs)
             Began as a Red Draconian Skald on June 8, 2016.
             Was a Believer of Makhleb.
             Killed by divine providence
             ... invoked by an orc priest
              (11 damage)
             ... on level 8 of the Dungeon.
             The game lasted 00:22:01 (9251 turns).

Kloppie the Fighter (Red Draconian Skald)           Turns: 9251, Time: 00:22:01

Health: -8/81      AC: 10    Str: 14    XL:     9   Next: 26%
Magic:  17/21      EV: 22    Int: 12    God:    Makhleb [**....]
Gold:   454        SH:  0    Dex: 15    Spells: 4 memorised, 4 levels left

rFire  + . .     SeeInvis .     q - +0 flail
rCold  . . .     Gourm    .     (armour unavailable)
rNeg   . . .     Faith    .     (no shield)
rPois  .         Spirit   .     (helmet restricted)
rElec  .         Dismiss  +     (no cloak)
rCorr  .         Reflect  .     J - +0 pair of gloves
SustAt .         Harm     .     B - +1 pair of boots
MR     .....                    d - amulet of dismissal
Stlth  +.........               m - +6 ring of evasion
                                h - ring of magical power

@: not resistant to hostile enchantments, very unstealthy
A: breathe fire, unfitting armour, fire resistance 1, cold-blooded, AC +7
a: Breathe Fire, Minor Destruction, Renounce Religion


You were on level 8 of the Dungeon.
You worshipped Makhleb.
Makhleb was pleased with you.
You were not hungry.

You visited 1 branch of the dungeon, and saw 8 of its levels.
You also visited: Ossuary.

You collected 454 gold pieces.

Inventory:

Hand Weapons
 a - a +1 mace
 q - a +0 flail (weapon)
Armour
 B - a +1 pair of boots (worn)
 J - a +0 pair of gloves (worn)
Jewellery
 d - an amulet of dismissal (around neck)
 h - a ring of magical power (left hand)
 m - a +6 ring of evasion (right hand)
 p - an uncursed amulet of faith
Wands
 D - a wand of slowing (38/48)
 G - a wand of paralysis (10/24)
 M - a wand of random effects (30/48)
 N - a wand of confusion (32/48)
Scrolls
 g - 2 scrolls of enchant weapon
 o - 6 scrolls of remove curse
 s - a scroll of amnesia
 z - a scroll of holy word {unknown}
 F - a scroll of random uselessness {unknown}
 H - 5 scrolls of identify
 I - a scroll of teleportation {unknown}
 L - 2 scrolls of magic mapping {unknown}
 O - a scroll of summoning {unknown}
Potions
 f - a potion of resistance
 i - 3 potions of flight
 j - 3 potions of lignification
 r - a potion of cancellation
 t - a potion of magic
 u - 2 potions of berserk rage
 v - a potion of brilliance {unknown}
 A - 3 potions of mutation {unknown}
 C - a potion of invisibility {unknown}
 K - a potion of ambrosia {unknown}
Books
 b - a book of Battle

   Spells                             Type                      Level
   a - Infusion                       Charms                       1
   b - Shroud of Golubria             Charms/Translocation         2
   c - Song of Slaying                Charms                       2
   d - Spectral Weapon                Hexes/Charms                 3
   e - Regeneration                   Charms/Necromancy            3
 w - a book of Callings

   Spells                             Type                      Level
   a - Summon Small Mammal            Summoning                    1
   b - Call Imp                       Summoning                    2
   c - Call Canine Familiar           Summoning                    3
   d - Summon Guardian Golem          Hexes/Summoning              3
   e - Summon Lightning Spire         Summoning/Air                4
   f - Summon Ice Beast               Ice/Summoning                4
 y - a book of the Earth

   Spells                             Type                      Level
   a - Leda's Liquefaction            Hexes/Earth                  4
   b - Bolt of Magma                  Conjuration/Fire/Earth       5
   c - Statue Form                    Transmutation/Earth          6
   d - Iron Shot                      Conjuration/Earth            6
   e - Shatter                        Earth                        9
 E - a book of Death

   Spells                             Type                      Level
   a - Corpse Rot                     Necromancy                   2
   b - Sublimation of Blood           Necromancy                   2
   c - Agony                          Necromancy                   5
   d - Dispel Undead                  Necromancy                   5
   e - Excruciating Wounds            Charms/Necromancy            5
   f - Bolt of Draining               Conjuration/Necromancy       5
Comestibles
 c - 11 bread rations
 k - 8 fruits
 l - 2 beef jerkies
 x - 2 slices of pizza


   Skills:
 + Level 8.1 Fighting
 + Level 7.7 Maces & Flails
 + Level 6.6 Dodging
 - Level 2.0 Spellcasting
 - Level 2.6 Charms


You had 4 spell levels left.
You knew the following spells:

 Your Spells              Type           Power        Failure   Level  Hunger
a - Infusion              Chrm           #...         12%         1    ##.....
b - Song of Slaying       Chrm           #.......     14%         2    ###....
c - Shroud of Golubria    Chrm/Tloc      #.........   28%         2    ###....
d - Regeneration          Chrm/Necr      #.........   56%         3    ####...


Dungeon Overview and Level Annotations

Branches:
Dungeon (8/15)
 Temple: D:4-7         Lair: D:8-11

Altars:
Fedhas
Makhleb
Sif Muna
Xom

Shops:
D:4 }

Annotations:
D:5 Eustachio
D:8 crovaxon's ghost, novice DrTm


Innate Abilities, Weirdness & Mutations

You can breathe blasts of fire.
Your fiery red scales are hard (AC +7).
Your body does not fit into most forms of armour.
Your flesh is heat resistant.
You are cold-blooded and may be slowed by cold attacks.


Message History

The orc warrior disappears!
The hound completely misses you.
The orc priest calls down the wrath of Beogh upon you.
Beogh smites you!
* * * LOW HITPOINT WARNING * * *
Read which item? (? for menu, Esc to quit)
Okay, then.
Drink which item? (? for menu, Esc to quit)
You feel better. The hound barely misses you. The hound barely misses you.
Your song has ended.
The hound barely misses you.
Crovaxon's ghost (novice Mottled Draconian Transmuter) comes into view.
Crovaxon's ghost swings its fists at you.
Crovaxon's ghost moves out of view.
The hound closely misses you.
The orc priest calls down the wrath of Beogh upon you.
Beogh smites you!
* * * LOW HITPOINT WARNING * * *
The orc priest mumbles some strange prayers to Beogh against you.
Beogh smites you!
You die...

###.#.#.##.#...# #.## ### .
......#.##.##########..###.####..
......#.##.#........oo...........
..(...#....##.......##...........
......#######.......###...:....#
#####.......#....o..# #......###
# #####.#......(..# #......# #
#....#######h..# ##.#.### #
#.##.......@..(# #...# #
#.############## ##..# #
#.......... ..>. # ######### #
....# .. ##


You could see a hound, an orc priest and an orc.

Vanquished Creatures
  A water moccasin (D:7)
  Edmund (D:5)
  An orc warrior (D:6)
  3 sky beasts
  3 ogres
  2 giant frogs
  A scorpion (D:4)
  5 killer bees (D:8)
  2 crimson imps
  7 hounds
  3 centaur skeletons
  A jelly (D:6)
  2 orc priests
  4 orc wizards
  Natasha (thrice) (D:2)
  An iguana (D:5)
  4 worker ants
  7 big kobold zombies (Ossuary)
  A mummy (Ossuary)
  3 gnolls (D:3)
  12 adders
  A shadow imp (D:7)
  2 adder skeletons
  2 worms (D:3)
  6 dart slugs
  2 giant geckos
  27 orcs
  3 spectral bats (Ossuary)
  3 bat simulacra (Ossuary)
  4 giant cockroaches
  5 gnoll zombies (Ossuary)
  7 goblins
  9 hobgoblins
  4 jackals
  3 quokkas
  A ball python (D:4)
  6 bats
  A giant gecko skeleton (D:8)
  5 goblin simulacra (Ossuary)
  4 goblin zombies (Ossuary)
  6 hobgoblin zombies (Ossuary)
  6 kobolds
  2 kobold simulacra (Ossuary)
  5 kobold zombies (Ossuary)
  3 orc zombies (Ossuary)
  15 rats
  6 rat simulacra (Ossuary)
  3 spectral goblins (Ossuary)
  4 spectral kobolds (Ossuary)
  A spectral rat (Ossuary)
213 creatures vanquished.

Notes
Turn   | Place    | Note
--------------------------------------------------------------
     0 | D:1      | Kloppie the Draconian Skald began the quest for the Orb.
     0 | D:1      | Reached XP level 1. HP: 17/17 MP: 3/3
   183 | D:1      | Reached XP level 2. HP: 22/25 MP: 5/5
  1008 | D:2      | Reached XP level 3. HP: 30/30 MP: 6/6
  1339 | D:2      | Reached skill level 3 in Fighting
  1454 | D:2      | Noticed Natasha
  1462 | D:2      | Killed Natasha
  1462 | D:2      | Reached XP level 4. HP: 36/38 MP: 2/7
  1559 | D:2      | Found a faded altar to an unknown god.
  1559 | D:2      | Noticed Natasha
  1591 | D:2      | HP: 1/38 [Natasha (6)]
  1592 | D:2      | Killed Natasha
  1880 | D:2      | Found a shimmering altar of Xom.
  2068 | D:2      | Noticed Natasha
  2080 | D:2      | Killed Natasha
  2080 | D:2      | Reached XP level 5. HP: 25/46 MP: 8/8
  2483 | D:3      | Found a blossoming altar of Fedhas.
  2779 | D:3      | Learned a level 2 spell: Song of Slaying
  2782 | D:3      | Learned a level 2 spell: Shroud of Golubria
  2786 | D:3      | Learned a level 3 spell: Regeneration
  3034 | D:3      | Reached skill level 4 in Fighting
  3515 | D:3      | Reached XP level 6. HP: 35/53 MP: 9/9
  4414 | D:4      | Found Soadupn's Gadget Shoppe.
  4717 | D:4      | Reached skill level 5 in Fighting
  4717 | D:4      | Your scales start taking on a fiery red colour.
  4717 | D:4      | Reached XP level 7. HP: 59/61 MP: 10/10
  4717 | D:4      | Gained mutation: Your flesh is heat resistant. [Red Draconian growth]
  4773 | D:5      | Entered Level 5 of the Dungeon
  4820 | D:5      | Found a deep blue altar of Sif Muna.
  4945 | D:5      | Reached skill level 5 in Maces & Flails
  5185 | D:5      | Noticed Edmund
  5190 | D:5      | Noticed a hippogriff
  5224 | D:5      | Killed Edmund
  5456 | D:5      | Noticed Eustachio
  6158 | D:6      | Reached skill level 6 in Fighting
  6158 | D:6      | Reached XP level 8. HP: 37/70 MP: 11/11
  6307 | D:6      | Reached skill level 5 in Dodging
  7430 | D:7      | Reached skill level 7 in Fighting
  7661 | D:6      | Found a burning altar of Makhleb.
  7669 | D:6      | Became a worshipper of Makhleb the Destroyer
  7729 | D:8      | Found a sand-covered staircase.
  7738 | Ossuary  | Entered an ossuary
  7803 | Ossuary  | Reached * piety under Makhleb
  8116 | Ossuary  | Reached ** piety under Makhleb
  8258 | D:8      | Reached XP level 9. HP: 64/79 MP: 12/12
  8853 | D:8      | Reached skill level 8 in Fighting
  9243 | D:8      | HP: 2/81 [orc warrior/war axe (20)]
  9250 | D:8      | Noticed crovaxon's ghost (novice DrTm)
  9250 | D:8      | HP: 3/81 [orc priest/divine providence (10)]
  9251 | D:8      | Killed from afar by an orc priest

Skill      XL: |  1  2  3  4  5  6  7  8  9 |
---------------+----------------------------+-----
Dodging        | 2 3 4 6 |  6.6
Fighting       | 3 4 5 6 7 8 |  8.1
Maces & Flails | 3 4 5 7 |  7.7
Spellcasting   | |  2.0
Charms         | |  2.6

Action                   |  1- 3 |  4- 6 |  7- 9 || total
-------------------------+-------+-------+-------++-------
Melee: Mace              |   114 |   143 |       ||   257
       Tailslap          |    12 |    33 |    89 ||   134
       Flail             |       |   149 |   629 ||   778
 Cast: Infusion          |     5 |    10 |    11 ||    26
       Song of Slaying   |       |     2 |     7 ||     9
 Abil: Breathe Fire      |       |       |     2 ||     2
  Use: Potion            |       |     1 |     3 ||     4
       Scroll            |       |    10 |     4 ||    14
 Stab: Sleeping          |       |     2 |     4 ||     6
  Eat: Chunk             |     2 |     9 |     7 ||    18
       Royal jelly       |       |     1 |       ||     1
       Meat ration       |       |       |     2 ||     2
Armor: Skin              |    43 |    68 |   148 ||   259
Dodge: Dodged            |    87 |   283 |   717 ||  1087
